 Dungeon Crawl Stone Soup version 0.29-a0-1006-g0dd7720b37 (webtiles) character file.

Game seed: 16485831831611777231

67219 Conn the Arsonist (level 15, 0/141 HPs)
             Began as an Octopode Fire Elementalist on Aug 6, 2022.
             Was an Elder of Sif Muna.
             Slain by an elephant (13 damage)
             ... on level 5 of the Lair of Beasts.
             The game lasted 01:22:13 (22923 turns).

Conn the Arsonist (Octopode Fire Elementalist)     Turns: 22923, Time: 01:22:14

Health: 0/141      AC: 27    Str: 13    XL:     15   Next: 22%
Magic:  10/31      EV:  2    Int: 24    God:    Sif Muna [****..]
Gold:   1270       SH:  0    Dex: 16    Spells: 3/38 levels left

rFire   + + +      SeeInvis +   b - +7 arbalest "Arcanum" {speed, rF++ Dex+2}
rCold   x . .      Faith    +   (shield currently unavailable)
rNeg    + . .      Spirit   .   (helmet currently unavailable)
rPois   +          Reflect  .   r - amulet of faith
rElec   .          Harm     .   p - ring of fire
rCorr   .          Rampage  .   B - ring of protection from fire
Will    +++..      NoTele   +   I - +4 ring of evasion
Stlth   ++++......              A - ring of see invisible
HPRegen 0.33/turn               F - ring of willpower
MPRegen 0.22/turn               P - ring of willpower
                                Q - +6 ring of strength
                                R - ring of positive energy

@: tree-form (expiring), channelling, studying Axes
A: stationary, stasis, torment immunity, boosted hp, almost no armour,
(amphibious), 8 rings, (camouflage 1), (gelatinous body 1), (nimble swimmer 1),
(tentacles)
a: Renounce Religion, Channel Magic, Forget Spell, Divine Exegesis


You were on level 5 of the Lair of Beasts.
You worshipped Sif Muna.
Sif Muna was greatly pleased with you.
You were a tree.
You visited 3 branches of the dungeon, and saw 17 of its levels.
You also visited: Sewer, Bailey and Volcano.

You collected 1714 gold pieces.
You spent 444 gold pieces at shops.

Inventory:

Hand Weapons
 a - a +6 dagger of venom
 b - the +7 arbalest "Arcanum" (weapon) {speed, rF++ Dex+2}
   (You bought it in a shop on level 1 of the Dungeon)

   Attacks with this weapon are significantly faster.
   Dex:       It affects your dexterity (+2).
   rF:        It greatly protects you from fire.
 c - the +2 sling of Fixation {freeze, Str+3}
   (You took it off an orc on level 4 of the Dungeon)

   Any ammunition fired from it freezes those it strikes, dealing additional
   cold damage.
   It can also slow down cold-blooded creatures.
   Str:       It affects your strength (+3).
 h - the +3 halberd of Tartarus {holy, rCorr Str+5 Dex-5}
   (You bought it in a shop on level 1 of the Dungeon)

   It has been blessed by the Shining One to cause great damage to the undead
   and demons.
   Str:       It affects your strength (+5).
   Dex:       It affects your dexterity (-5).
   rCorr:     It protects you from acid and corrosion.
 N - the +10 quarterstaff "Mebabreg" {freeze, rF++ rC+++ Str-5 Int-2}
   (You found it on level 10 of the Dungeon)

   It freezes those it strikes, dealing additional cold damage.
   It can also slow down cold-blooded creatures.
   Str:       It affects your strength (-5).
   Int:       It affects your intelligence (-2).
   rF:        It greatly protects you from fire.
   rC:        It renders you almost immune to cold.
 O - the +3 broad axe "Kitti" {vorpal, rPois}
   (You found it on level 10 of the Dungeon)

   It inflicts extra damage upon your enemies.
   rPois:     It protects you from poison.
Missiles
 w - a curare-tipped dart
Jewellery
 p - a ring of fire (left branch)
 r - an amulet of faith (around neck)
 A - a ring of see invisible (on tentacle)
 B - a ring of protection from fire (right branch)
 F - a ring of willpower (on tentacle)
 I - a +4 ring of evasion (on tentacle)
 P - a ring of willpower (on tentacle)
 Q - a +6 ring of strength (on tentacle)
 R - a ring of positive energy (on tentacle)
Wands
 q - a wand of flame (27)
 y - a wand of iceblast (4)
 C - a wand of paralysis (7)
 M - a wand of polymorph (4)
Scrolls
 d - 3 scrolls of poison
 i - a scroll of enchant armour
 j - 2 scrolls of blinking
 l - 5 scrolls of magic mapping
 s - 4 scrolls of amnesia
 x - a scroll of torment
 G - a scroll of fog
 K - 6 scrolls of teleportation
 L - 5 scrolls of identify
Potions
 e - 3 potions of cancellation
 f - 3 potions of heal wounds
 g - a potion of attraction
 k - 2 potions of resistance
 m - 2 potions of magic
 n - 4 potions of haste
 o - 5 potions of might
 t - a potion of flight
 u - 2 potions of lignification
 v - 5 potions of curing
 z - 5 potions of ambrosia
 D - a potion of mutation
 E - 2 potions of brilliance
 H - 2 potions of invisibility
 J - a potion of berserk rage


   Skills:
 + Level 5.7 Fighting
 + Level 2.2 Short Blades
 * Level 3.4 Ranged Weapons
 + Level 0.2 Throwing
 + Level 3.5 Dodging
 + Level 7.0 Stealth
 + Level 12.2 Spellcasting
 + Level 11.7 Conjurations
 + Level 3.1 Hexes
 + Level 12.3 Fire Magic
 * Level 4.8 Ice Magic
 * Level 2.5 Air Magic
 * Level 3.8 Poison Magic
 * Level 10.0 Invocations


You had 3 spell levels left.
You knew the following spells:

 Your Spells              Type           Power      Damage    Failure   Level
a - Foxfire               Conj/Fire      100%       2x1d9     1%          1
b - Conjure Flame         Conj/Fire      83%        6-21      1%          3
c - Inner Flame           Hex/Fire       67%        N/A       1%          3
d - Flame Wave            Conj/Fire      83%        2d18      1%          4
e - Scorch                Fire           100%       2d10      1%          2
f - Fireball              Conj/Fire      41%        3d17      1%          5
g - Hailstorm             Conj/Ice       53%        3d12      1%          4
h - Fulminant Prism       Conj/Hex       25%        3d14      1%          4
i - Frozen Ramparts       Ice            74%        1d12      1%          3
j - Mephitic Cloud        Conj/Pois/Air  43%        N/A       1%          3
k - Ignite Poison         Fire/Tmut/Pois 57%        N/A       1%          3

Your spell library contained the following spells:

 Spells                   Type           Power      Damage    Failure   Level
 Freeze                   Ice            100%       1d11      1%          1
 Slow                     Hex            100%       N/A       1%          1
 Poisonous Vapours        Pois/Air       60%        N/A       1%          2
 Static Discharge         Conj/Air       49%        3-10/arc  1%          2
 Dazzling Flash           Conj/Hex       100%       N/A       1%          3
 Confusing Touch          Hex            29%        N/A       3%          3
 Necrotise                Necr           56%        1d6       4%          1
 Blink                    Tloc           28%        N/A       6%          2
 Passwall                 Tmut/Erth      11%        N/A       6%          2
 Spider Form              Tmut/Pois      23%        N/A       6%          3
 Lesser Beckoning         Tloc           14%        N/A       13%         3
 Vampiric Draining        Necr           14%        2d7       13%         3
 Metabolic Englaciation   Hex/Ice        16%        N/A       22%         5
 Conjure Ball Lightning   Conj/Air       24%        3x3d7     34%         6
 Petrify                  Tmut/Erth      14%        N/A       38%         4
 Alistair's Intoxication  Tmut/Pois      15%        N/A       47%         5
 Manifold Assault         Tloc           14%        N/A       75%         5
 Statue Form              Tmut/Erth      9%         N/A       100%        6
 Summon Cactus Giant      Summ           7%         N/A       100%        6
 Haunt                    Necr/Summ      7%         N/A       100%        7
 Malign Gateway           Summ/Tloc      7%         N/A       100%        7


Dungeon Overview and Level Annotations

Branches:
Dungeon (11/15)            Temple (1/1) D:7            Lair (5/5) D:10
 Shoals (0/4) Lair:3       Spider (0/4) Lair:2          Orc (0/2) D:11
  Sewer (visited)          Bailey (visited)         Volcano (visited)
  Slime: Lair:4-5

Altars:
Dithmenos
Hepliaklqana
Kikubaaqudgha
Makhleb
Ru
Sif Muna
Uskayaw
Zin
The Shining One

Shops:
D:1 ?(((   D:6 !   D:7 *

Annotations:
D:2 Natasha


Innate Abilities, Weirdness & Mutations

You are a tree.
Your roots penetrate the ground, keeping you stationary.
You cannot be teleported.
You are immune to unholy pain and torment.
Your maximum health is greatly increased.
You cannot wear most types of armour.
((You are amphibious.))
You can wear up to eight rings at the same time.
((Your skin changes colour to match your surroundings (Stealth+).))
((Your rubbery body absorbs attacks. (AC +1, EV +1)))
((You are camouflaged when in or above water. (Stealth+)))
((You have tentacles for arms and can constrict up to eight enemies at once.))


Message History

The elephant trunk-slaps you but does no damage.
Unknown command.
Unknown command.
The elephant tramples you!
* * * LOW HITPOINT WARNING * * *
The elephant trunk-slaps you but does no damage.
The elephant tramples you but does no damage.
The elephant trunk-slaps you but does no damage.
Unknown command.
Casting: Flame Wave (safe; 1% risk of failure)
Confirm with . or Enter, or press ? or * to list all spells.
Casting: Flame Wave (safe; 1% risk of failure)
Press: ? - help, Dir - look around, f - activate You feel a surge of power!
A wave of flame ripples out!
The flame wave engulfs the elephant!
The elephant is severely wounded.
The flame wave engulfs the elephant!
The elephant is severely wounded. (Press . to intensify the flame waves.)
The elephant tramples you but does no damage.
The elephant trunk-slaps you but does no damage.
The elephant tramples you but does no damage.
The elephant trunk-slaps you but does no damage.
A wave of flame ripples out!
The flame wave engulfs the elephant!!
You kill the elephant!
Sif Muna accepts your kill.
The flame wave engulfs the elephant!!
You kill the elephant!
Sif Muna accepts your kill.
The flame wave engulfs the elephant!!
The elephant is heavily wounded.
The elephant barely misses you.
The elephant trunk-slaps you but does no damage.
Your Invocations skill increases to level 10!
A wave of flame ripples out!
The flame wave engulfs the elephant!
The elephant is severely wounded.
You finish channelling waves of flame.
Your transformation is almost over.
The elephant tramples you!
You die...

# # ### #
#.P#.####..#...
...............
......†♣.......
......††Y##P...
#..##..†.# . #
##.#.. #. ..(
#. ...+ #. .##P
#. ## P.


You could see an elephant.

Vanquished Creatures
  An orc warlord (Bailey)
  5 hydras
  The ghost of generaletaddeo the Covert, a journeyman SpEn of Nemelex Xobeh (Lair:2)
  The ghost of Asher535 the Fighter, a novice MiBe of Trog (D:10)
  A hell hog (Volcano)
  2 two-headed ogres
  Urug (D:10)
  4 death yaks (Lair:4)
  4 salamanders (Volcano)
  A cyclops (D:11)
  An ugly thing (D:8)
  19 elephants
  Joseph (D:7)
  3 black mambas
  6 cane toads
  Psyche (D:11)
  Maggie (D:7)
  2 rime drakes
  8 komodo dragons
  A queen bee (Lair:2)
  3 polar bears
  Grinder (Sewer)
  15 blink frogs
  The ghost of dunno567 the Conjurer, an amateur DECj (D:4)
  2 wraiths
  2 fire bats (Volcano)
  A shadow (D:10)
  4 wyverns
  Eustachio (D:5)
  41 yaks
  3 steam dragons
  A basilisk (Lair:3)
  3 wargs (D:10)
  An acid dragon (D:9)
  A hell hound (Volcano)
  10 water moccasins
  3 black bears
  A sky beast (D:7)
  An ogre (D:6)
  5 orc warriors
  An ice beast (D:5)
  11 centaurs
  2 phantoms
  13 bullfrogs
  3 kobold brigands
  2 scorpions (D:7)
  A necrophage (D:6)
  9 wights
  17 killer bees
  4 howler monkeys
  5 hounds
  8 orc priests
  3 jellies
  A gnoll bouda (D:3)
  Jessica (D:2)
  Crazy Yiuf (D:7)
  Natasha (D:2)
  A hell rat (Lair:2)
  2 iguanas
  6 orc wizards
  5 gnolls
  5 adders
  2 shadow imps
  A white imp (D:6)
  7 ufetubi
  A worm (D:4)
  5 dart slugs
  42 orcs
  9 ball pythons
  13 bats
  15 endoplasms
  7 giant cockroaches
  14 goblins
  16 hobgoblins
  4 jackals (D:1)
  3 quokkas (D:3)
  5 frilled lizards
  A giant cockroach zombie (Sewer)
  37 kobolds
  2 kobold zombies (Sewer)
  6 rats
  A bush (Lair:1)
457 creatures vanquished.

Vanquished Creatures (collateral kills)
  3 foxfires
3 creatures vanquished.

Vanquished Creatures (others)
  1153 foxfires
  2 fulminant prisms (Volcano)
  29 fungi
  54 plants
1238 creatures vanquished.

Grand Total: 1698 creatures vanquished

Notes
Turn   | Place    | Note
-------+----------+-------------------------------------------
     0 | D:1      | Conn the Octopode Fire Elementalist began the quest for the
                  | Orb.
     0 | D:1      | Reached XP level 1. HP: 11/11 MP: 3/3
    60 | D:1      | Found Erapiyst's Antique Weapon Shop.
    96 | D:1      | Found Juvorit's Weapon Boutique.
   158 | D:1      | Reached XP level 2. HP: 5/17 MP: 1/5
   478 | D:1      | Found Cuso's Magic Scroll Shoppe.
   784 | D:1      | Reached XP level 3. HP: 14/21 MP: 6/6
  1504 | D:1      | Found Buha's Antique Weapon Shoppe.
  2328 | D:2      | Reached XP level 4. HP: 27/27 MP: 1/7
  2479 | D:2      | Found a faded altar of an unknown god.
  2578 | D:2      | Noticed Natasha
  2586 | D:2      | Killed Natasha
  2660 | D:2      | Noticed Jessica
  2666 | D:2      | Killed Jessica
  2667 | D:2      | Reached XP level 5. HP: 27/31 MP: 2/9
  3358 | D:3      | Found a glowing drain.
  3362 | Sewer    | Entered a sewer
  3456 | Sewer    | Learned a level 2 spell: Scorch
  3460 | Sewer    | Learned a level 3 spell: Conjure Flame
  3464 | Sewer    | Learned a level 3 spell: Inner Flame
  3829 | Sewer    | Found an ancient bone altar of Kikubaaqudgha.
  3943 | Sewer    | Noticed a phantom
  3944 | Sewer    | Reached skill level 1 in Short Blades
  3947 | Sewer    | Noticed Grinder
  3969 | Sewer    | Killed a phantom
  3970 | Sewer    | Reached XP level 6. HP: 30/37 MP: 0/10
  4072 | Sewer    | Killed Grinder
  4073 | Sewer    | Reached skill level 1 in Fighting
  4073 | Sewer    | Reached XP level 7. HP: 43/43 MP: 5/12
  4243 | Sewer    | Reached skill level 5 in Fire Magic
  4523 | D:3      | Found a burning altar of Makhleb.
  5169 | D:3      | Found a sacrificial altar of Ru.
  5426 | D:4      | Learned a level 4 spell: Flame Wave
  5578 | D:4      | Found a runed translucent gate.
  5579 | D:4      | Found a runed translucent gate.
  5581 | D:4      | Found a runed translucent gate.
  5593 | D:4      | Identified the +0 pair of boots of Cocix {Contam Int+7
                  | Stlth+}
  5806 | D:4      | Identified the +2 sling of Fixation {freeze, Str+3}
  5806 | D:4      | Identified the +0 scale mail "Himpyniy" {rN+++ Regen+ Int-4
                  | Dex+3}
  5808 | D:4      | Noticed dunno567's ghost (amateur DECj)
  6067 | D:4      | Killed dunno567's ghost
  6068 | D:4      | Reached XP level 8. HP: 37/48 MP: 0/15
  6262 | D:4      | Reached skill level 5 in Stealth
  6402 | D:5      | Entered Level 5 of the Dungeon
  6451 | D:5      | Found a shimmering blue altar of Sif Muna.
  6464 | D:5      | Became a worshipper of Sif Muna the Loreminder
  6520 | D:5      | Reached skill level 5 in Spellcasting
  6969 | D:5      | Noticed Eustachio
  6978 | D:5      | Killed Eustachio
  7244 | D:5      | Reached * piety under Sif Muna
  7815 | D:6      | Reached skill level 5 in Conjurations
  8002 | D:6      | Reached XP level 9. HP: 43/54 MP: 9/17
  8475 | D:6      | Found Jar Cacuo's Distillery.
  8497 | D:6      | Found a glowing silver altar of Zin.
  9026 | D:7      | Reached ** piety under Sif Muna
  9026 | D:7      | Noticed Joseph
  9716 | D:7      | Killed Joseph
  9908 | D:7      | Noticed Maggie
  9922 | D:7      | Killed Maggie
 10210 | D:7      | Reached skill level 1 in Hexes
 10210 | D:7      | Reached XP level 10. HP: 60/60 MP: 14/21
 10270 | D:7      | Identified a scroll of acquirement
 10270 | D:7      | Acquired 878 gold pieces
 10343 | D:7      | Found Imnumueh's Lightly-Used Armoury.
 10369 | D:7      | Found a staircase to the Ecumenical Temple.
 10379 | Temple   | Entered the Ecumenical Temple
 10419 | D:7      | Found a glowing golden altar of the Shining One.
 10521 | D:7      | Found a runed translucent door.
 10522 | D:7      | Noticed Crazy Yiuf
 10527 | D:7      | Killed Crazy Yiuf
 10647 | D:8      | Noticed a brown ugly thing
 10657 | D:8      | Killed a brown ugly thing
 10951 | D:8      | Reached *** piety under Sif Muna
 11733 | D:9      | Found a flagged portal.
 11748 | Bailey   | Entered a bailey
 11778 | Bailey   | Noticed an orc warlord
 11998 | Bailey   | Found a runed translucent gate.
 12000 | Bailey   | Found a runed translucent gate.
 12001 | Bailey   | Found a runed translucent gate.
 12377 | Bailey   | Killed an orc warlord
 12655 | D:9      | Reached **** piety under Sif Muna
 12661 | D:9      | Reached XP level 11. HP: 19/64 MP: 0/24
 12908 | D:9      | Noticed a six-headed hydra
 13017 | D:9      | Killed a six-headed hydra
 13080 | D:9      | Noticed a two-headed ogre
 13088 | D:9      | Killed a two-headed ogre
 13089 | D:9      | Reached skill level 10 in Spellcasting
 13235 | D:9      | Reached skill level 10 in Fire Magic
 13892 | D:9      | Found a hazy altar of Hepliaklqana.
 13903 | D:9      | Found an ancient bone altar of Kikubaaqudgha.
 14107 | D:10     | Entered Level 10 of the Dungeon
 14118 | D:10     | Found a staircase to the Lair.
 14303 | D:10     | Found a runed translucent gate.
 14304 | D:10     | Found a runed translucent gate.
 14383 | D:10     | Noticed Urug
 14394 | D:10     | Found a runed translucent gate.
 14398 | D:10     | Noticed Asher535's ghost (novice MiBe)
 14399 | D:10     | Noticed a nine-headed hydra
 14492 | D:10     | Killed Urug
 14614 | D:10     | Reached skill level 1 in Invocations
 15099 | D:10     | Killed a nine-headed hydra
 15337 | D:10     | Killed Asher535's ghost
 15586 | D:10     | Identified the +3 broad axe "Kitti" {vorpal, rPois}
 15587 | D:10     | Identified the +10 quarterstaff "Mebabreg" {freeze, rF++
                  | rC+++ Str-5 Int-2}
 15609 | D:10     | Reached XP level 12. HP: 70/70 MP: 26/26
 15610 | D:10     | Reached skill level 5 in Fighting
 15610 | D:10     | Reached XP level 13. HP: 81/81 MP: 27/27
 15665 | D:11     | Noticed Psyche
 15669 | D:11     | Killed Psyche
 15955 | D:11     | Found a staircase to the Orcish Mines.
 16288 | D:1      | Bought a smoking arbalest for 228 gold pieces
 16288 | D:1      | Identified the +7 arbalest "Arcanum" {speed, rF++ Dex+2}
                  | (You bought it in a shop on level 1 of the Dungeon)
 16288 | D:1      | Bought a fine halberd for 216 gold pieces
 16288 | D:1      | Identified the +3 halberd of Tartarus {holy, rCorr Str+5
                  | Dex-5} (You bought it in a shop on level 1 of the Dungeon)
 16348 | D:2      | Noticed Natasha
 16507 | Lair:1   | Entered Level 1 of the Lair of Beasts
 16520 | Lair:1   | Reached XP level 14. HP: 54/88 MP: 12/29
 16522 | Lair:1   | Reached ***** piety under Sif Muna
 16522 | Lair:1   | Received a gift from Sif Muna
 16523 | Lair:1   | Got Sif Muna's Tome of Petrous Blows and Bruises {god gift}
 16535 | Lair:1   | Learned a level 5 spell: Fireball
 16684 | D:10     | Learned a level 4 spell: Hailstorm
 16699 | Lair:1   | HP: 3/88 [yak (17)]
 17331 | Lair:1   | Reached skill level 1 in Ice Magic
 17913 | Lair:1   | Found a shadowy altar of Dithmenos.
 18164 | Lair:1   | You fall into a shaft and drop 1 floor!
 18164 | Lair:2   | Found a hole to the Spider Nest.
 18528 | Lair:2   | Identified the +1 chain mail of Focus {rF+ rCorr MP+9 Str+5
                  | Int-3}
 18867 | Lair:2   | Noticed generaletaddeo's ghost (journeyman SpEn)
 18885 | Lair:2   | Found a runed translucent gate.
 18885 | Lair:2   | Found a runed translucent gate.
 18885 | Lair:2   | Found a runed translucent gate.
 18912 | Lair:2   | Killed generaletaddeo's ghost
 19147 | Lair:2   | Got the Parchment of Creative Shapes
 20308 | Lair:3   | Found a dark tunnel.
 20315 | Volcano  | Entered a volcano
 20324 | Volcano  | Learned a level 4 spell: Fulminant Prism
 20328 | Volcano  | Learned a level 3 spell: Frozen Ramparts
 20368 | Volcano  | Received a gift from Sif Muna
 20595 | Volcano  | Got Sif Muna's Catalogue of the Stinger and Shadows {god
                  | gift}
 20600 | Volcano  | Learned a level 3 spell: Mephitic Cloud
 20604 | Volcano  | Learned a level 3 spell: Ignite Poison
 21001 | Volcano  | Reached skill level 1 in Poison Magic
 21407 | Lair:3   | Reached skill level 1 in Air Magic
 21769 | Lair:3   | Found a staircase to the Shoals.
 21851 | Lair:3   | Reached skill level 1 in Ranged Weapons
 22875 | Lair:4   | Reached XP level 15. HP: 44/93 MP: 13/31
 22889 | Lair:5   | Entered Level 5 of the Lair of Beasts
 22923 | Lair:5   | Reached skill level 10 in Invocations
 22923 | Lair:5   | Slain by an elephant

Illustrated notes

Levels and vault maps discovered:
D:1:      evilmike_arrival_hilbert_curve, layout_loops_corners, serial_shops,
          shop, nicolae_diamond_shop, nicolae_shop_advertising_works
          [nicolae_subvault_shop_adworks],
          nicolae_shop_temple_entry_statues_fountains, st_stairs_5,
          lemuel_old_faithful
D:2:      layout_basic, dreamdust_ecumenical_altar_grove, minmay_crystal_water,
          minmay_heptomino_l4, uniq_natasha, uniq_jessica
D:3:      minmay_skewed_foursquare, layout_loops_ring,
          mainiacjoe_overflow_alcove_4, bloody_makhleb, gup_sewer_entry_bowl,
          kennysheep_generic_room_10
D:4:      layout_rooms, biasface_ghost_orc_armoury
D:5:      layout_basic, kennysheep_orc_sif_temple, wad_floor_pattern_1,
          minivault_1, uniq_eustachio
D:6:      layout_basic, mainiacjoe_overflow_paths, serial_shops,
          nicolae_square_shop
D:7:      layout_rooms, tso_altar, minmay_temple_entry_antechambers,
          glass_columns_c, minmay_shop_damaged, uniq_joseph, uniq_maggie,
          uniq_crazy_yiuf_cottage
D:8:      layout_loops_ring
D:9:      layout_irregular_city, amethyst_overflow_temple_binary,
          enter_bailey_5, hangedman_abyss_or_decor_lesser_grid
D:10:     layout_cave_pools, erik_lair_orcish_takeover,
          gammafunk_ghost_hydra_chop, uniq_urug
D:11:     minmay_the_grid_square_5x5_4x4 [minmay_the_grid_square_5x5_c,
          minmay_the_grid_square_5x5_fat_x, minmay_the_grid_square_5x5_six,
          minmay_the_grid_square_5x5_longway,
          minmay_the_grid_square_5x5_hollow_slash,
          minmay_the_grid_square_5x5_prize_gold,
          minmay_the_grid_square_5x5_prize_deathbox,
          minmay_the_grid_square_5x5_inverted_slash,
          minmay_the_grid_square_5x5_tetrominoes,
          minmay_the_grid_square_5x5_prize_pseudospiral,
          minmay_the_grid_square_5x5_prize_monsterx,
          minmay_the_grid_square_5x5_two_small,
          minmay_the_grid_square_5x5_eight_small,
          minmay_the_grid_square_5x5_bracketed,
          minmay_the_grid_square_5x5_shuriken,
          minmay_the_grid_square_5x5_intrusive_squares], layout_basic,
          uniq_psyche
Temple:   nicolae_temple_superstar
Lair:1:   layout_loops_ring, basic_altar, chequers_serial_rivers_large_a,
          chequers_serial_rivers_room_a
Lair:2:   layout_misc_corridors, spider_nest_entry_web_field,
          gammafunk_ghost_split, special_room [special_room_bee]
Lair:3:   layout_hall_layers, minmay_shoals_entry_centaurs,
          nicolae_volcano_entry_hallway
Lair:4:   layout_loops_ring, nicolae_lair_lil_pond,
          eino_small_chamber_without_monster, grunt_megastairs_2
Lair:5:   due_jungle_book, layout_regular_city, minmay_slime_entry_pillars,
          grunt_megastairs_4

Skill      XL: |  1  2  3  4  5  6  7  8  9 10 11 12 13 14 15 |
---------------+----------------------------------------------+-----
Stealth        | 3 4 5 6 7 |  7.0
Conjurations   | 2 3 4 5 6 7 11 | 11.7
Fire Magic     | 4 5 6 8 9 10 12 | 12.3
Short Blades   | 1 2 |  2.2
Spellcasting   | 3 4 5 7 9 10 11 12 | 12.2
Fighting       | 1 2 5 |  5.7
Hexes          | 1 2 3 |  3.1
Invocations    | 2 7 8 9 10 | 10.0
Dodging        | 3 |  3.5
Ice Magic      | 4 |  4.8
Poison Magic   | 3 |  3.8
Air Magic      | 1 2 |  2.5
Ranged Weapons | 2 3 |  3.4
Throwing       | |  0.2

Action                   |  1- 3 |  4- 6 |  7- 9 | 10-12 | 13-15 || total
-------------------------+-------+-------+-------+-------+-------++-------
Melee: Dagger            |    23 |    34 |    30 |    20 |    13 ||   120
       Constrict         |     7 |    10 |     8 |     3 |     2 ||    30
       Tentacles         |     2 |     8 |     5 |     4 |     2 ||    21
       Punch             |       |     1 |     1 |     1 |       ||     3
 Fire: Sling             |       |       |     2 |       |       ||     2
       Arbalest          |       |       |       |       |    38 ||    38
Throw: Dart              |       |       |       |     2 |       ||     2
 Cast: Foxfire           |    57 |    78 |   203 |   157 |   175 ||   670
       Scorch            |       |     3 |    37 |    50 |    88 ||   178
       Inner Flame       |       |     1 |     4 |    22 |    13 ||    40
       Conjure Flame     |       |       |     2 |     4 |     8 ||    14
       Flame Wave        |       |       |     8 |    12 |    37 ||    57
       Hailstorm         |       |       |       |       |    25 ||    25
       Fireball          |       |       |       |       |     6 ||     6
       Mephitic Cloud    |       |       |       |       |     8 ||     8
       Frozen Ramparts   |       |       |       |       |     4 ||     4
       Fulminant Prism   |       |       |       |       |     2 ||     2
       Ignite Poison     |       |       |       |       |     1 ||     1
Invok: Channel Magic     |       |       |       |       |     6 ||     6
Evoke: Wand              |       |       |       |       |     1 ||     1
  Use: Potion            |       |     1 |     3 |     7 |     9 ||    20
       Scroll            |       |       |     8 |    18 |     7 ||    33
 Stab: Sleeping          |     3 |     6 |     5 |     3 |     2 ||    19
       Invisible         |       |       |       |       |     2 ||     2
       Held in net/web   |       |       |       |       |     1 ||     1
Armor: Skin              |     5 |     8 |     2 |     1 |    71 ||    87
Dodge: Dodged            |    17 |    33 |    51 |    41 |    94 ||   236

Table legend: (Time is in decaauts)
 A = Elapsed time spent in this place.
 B = Non-inter-level travel time spent in this place.
 C = Inter-level travel time spent in this place.
 D = Time resting spent in this place.
 E = Time spent auto-exploring this place.
 F = Levels seen in this place.
 G = Mean time per level.
                   A        B        C        D        E       F      G
               +--------+--------+--------+--------+--------+-----+--------+
         Total |  22896 |  22125 |    771 |   2760 |  13838 |  20 | 1144.8 |
       Dungeon |  14863 |  14121 |    742 |   1443 |   9422 |  11 | 1351.2 |
        Temple |      1 |      0 |      1 |      0 |      0 |   1 |    1.0 |
          Lair |   5182 |   5155 |     27 |    563 |   3550 |   5 | 1036.4 |
         Sewer |    925 |    925 |      0 |      0 |    627 |   1 |  925.0 |
        Bailey |    841 |    841 |      0 |    146 |    179 |   1 |  841.0 |
       Volcano |   1081 |   1081 |      0 |    608 |     60 |   1 | 1081.0 |
               +--------+--------+--------+--------+--------+-----+--------+

Top non-repeatable levels by time:
  Lair:2: 1942 daAuts
     D:9: 1915 daAuts
     D:6: 1810 daAuts
     D:1: 1800 daAuts
  Lair:1: 1619 daAuts
     D:3: 1460 daAuts
     D:5: 1423 daAuts
    D:10: 1361 daAuts
     D:2: 1287 daAuts
     D:7: 1254 daAuts
     D:4: 1086 daAuts
 Volcano: 1081 daAuts
     D:8: 1063 daAuts
  Lair:3: 1040 daAuts
   Sewer: 925 daAuts
